 Dungeon Crawl Stone Soup version 0.30-a0-234-g97d66968fd (webtiles) character file.

Game seed: 10746558644874685524

102 qw the Chopper (level 4, -3/28 HPs)
             Began as a Gargoyle Fighter on Oct 9, 2022.
             Slain by an orc priest
             ... wielding a +0 club
              (4 damage)
             ... on level 3 of the Dungeon.
             The game lasted 00:01:06 (1928 turns).

qw the Chopper (Gargoyle Fighter)                   Turns: 1928, Time: 00:01:06

Health: -3/28      AC: 13    Str: 21    XL:     4   Next: 77%
Magic:  4/4        EV:  7    Int: 12    God:
Gold:   155        SH:  4    Dex:  9    Spells: 3/3 levels left

rFire   . . .      SeeInvis .    Y - +1 war axe
rCold   . . .      Faith    .    c - +0 buckler
rNeg    + . .      Spirit   .    k - +0 chain mail
rPois   inf        Reflect  .    b - +0 helmet {Int+3}
rElec   +          Harm     .    (no cloak)
rCorr   .          Rampage  .    (no gloves)
Will    +....                    (no boots)
Stlth   ..........               (no amulet)
HPRegen 0.24/turn                n - ring of willpower
MPRegen 0.09/turn                (no ring)

@: no status effects
A: sickness immunity, AC +3, negative energy resistance 1, electricity
resistance, torment resistance 1, petrification resistance
a: no special abilities


You were on level 3 of the Dungeon.
You visited 1 branch of the dungeon, and saw 3 of its levels.

You collected 155 gold pieces.


Innate Abilities, Weirdness & Mutations

You are immune to sickness and miasma.
Your stone body is resilient. (AC +3)
You are immune to poison.
You resist negative energy. (rN+)
You are resistant to electric shocks. (rElec)
You are resistant to unholy torment.
You are immune to petrification.


   Skills:
 - Level 3.2 Fighting
 + Level 4.3 Axes
 - Level 3.2 Armour
 - Level 3.2 Shields


You had 3 spell levels left.
You didn't know any spells.
Your spell library was empty.

Inventory:

Hand Weapons
 l - a +0 whip
 Y - a +1 war axe (weapon)
Armour
 b - a +0 helmet of intelligence (worn)
 c - a +0 buckler (worn)
 k - a +0 chain mail (worn)
Jewellery
 n - a ring of willpower (left hand)
Scrolls
 a - 5 scrolls of identify
 e - a scroll of butterflies {unknown}
 i - a scroll of amnesia {unknown}
Potions
 d - a potion of might
 f - a potion of curing
 g - a potion of mutation
 h - a potion of haste {unknown}
 j - a potion of attraction

Dungeon Overview and Level Annotations

Branches:
Dungeon (3/15)

Altars:


Message History

You slash the giant cockroach!
You kill the giant cockroach!
A ball python comes into view.
The ball python hisses angrily.
You hear a shout!
You see here a giant cockroach corpse.
An orc comes into view. It is wielding a +0 club.
An orc priest comes into view. It is wielding a +0 club.
You slash the ball python!
You kill the ball python!
The orc priest begins to cast a cantrip, but forgets the words!
An orc comes into view. It is wielding a +0 whip.
An orc priest comes into view. It is wielding a +0 dagger.
The orc priest shouts!
You see here a ball python corpse.
You closely miss the orc. The orc hits you with a +0 club.
You slash the orc!
You kill the orc!
The orc priest invokes the aid of Beogh against you.
You resist with some effort. The orc barely misses you.
Things that are here:
a +0 club; an orc corpse You barely miss the orc priest.
You hit the orc.
The orc priest invokes the aid of Beogh against you.
Pain shoots through your body!
The orc priest mumbles some strange prayers to Beogh against you.
Beogh smites you!
You hit the orc but do no damage.
The orc is almost dead.
You hit the orc priest but do no damage.
The orc hits you with a +0 whip. The orc priest hits you with a +0 club.
You hit the orc.
You kill the orc!
You hit the orc priest. x2
The orc priest calls down the wrath of Beogh upon you.
Beogh smites you! You block the orc priest's attack.
The orc priest hits you with a +0 dagger.
The orc priest hits you with a +0 club.
You die...

... #..#........# #....
#.##..#.[......# #.... #
..............# #.... ..
#...#........# #..#.
##.##...#..........#..#.
.................#.#..#.
#.##..%#...............
##.##..%#.#####..###..#.
......)@#.# ..# #..#.
......oo#.# .# #...%
........#.# . #..#.
....?...... ..###..#.
........#>. .........
##..#...#.# .........
#..#...# ...##...# ..
#...# #####...##....
..............


You could see 2 orc priests.

Vanquished Creatures
  An adder (D:3)
  A gnoll (D:1)
  3 worms (D:2)
  A dart slug (D:2)
  3 orcs (D:3)
  10 ball pythons
  3 bats
  9 endoplasms
  4 giant cockroaches
  7 goblins
  2 hobgoblins (D:1)
  4 jackals (D:3)
  4 quokkas
  3 frilled lizards
  5 kobolds
  6 rats
66 creatures vanquished.

Notes
Turn   | Place    | Note
-------+----------+-------------------------------------------
     0 | D:1      | qw the Gargoyle Fighter began the quest for the Orb.
     0 | D:1      | Reached XP level 1. HP: 14/14 MP: 1/1
     0 | D:1      | 0 ||| qw: Version: 0.2-a-17-g06abaee
     0 | D:1      | 0 ||| qw: Game counter: 2331
     0 | D:1      | 0 ||| qw: Always use a shield: true
     0 | D:1      | 0 ||| qw: God list: Okawaru
     0 | D:1      | 0 ||| qw: Allow faded altars: false
     0 | D:1      | 0 ||| qw: Do Orc after D:15 true
     0 | D:1      | 0 ||| qw: Do second Lair branch before Depths: true
     0 | D:1      | 0 ||| qw: Lair rune preference: random
     0 | D:1      | 0 ||| qw: Plans: Normal, Zot:1-4, God:TSO, Crypt, Tomb,
                  | Pan, Slime:5, Hells, Abyss, Orb
     0 | D:1      | 0 ||| PLANNING D:1-11
    75 | D:1      | Reached skill level 2 in Axes
   121 | D:1      | Reached XP level 2. HP: 19/19 MP: 2/2
   362 | D:1      | Reached skill level 3 in Axes
   362 | D:1      | Reached XP level 3. HP: 11/23 MP: 3/3
   502 | D:1      | 502 ||| Stepping ~*~*~tactically~*~*~ (stealth).
   505 | D:1      | 505 ||| Stepping ~*~*~tactically~*~*~ (stealth).
   508 | D:1      | 508 ||| Stepping ~*~*~tactically~*~*~ (stealth).
   527 | D:1      | 527 ||| DROPPING +0 club.
   597 | D:1      | 597 ||| UPGRADING to +0 chain mail.
   607 | D:1      | 607 ||| DROPPING +0 scale mail.
   608 | D:1      | 608 ||| READING 7 scrolls labelled SEKLYU COIZ.
   609 | D:1      | 609 ||| READING scroll labelled ZACZATI JAIMI.
   612 | D:1      | 612 ||| READING scroll labelled PEEPLYMMUAME.
   612 | D:1      | Identified a scroll of acquirement
   612 | D:1      | 612 ||| ACQUIRING +0 helmet of intelligence
   612 | D:1      | Acquired a +0 helmet of intelligence
   614 | D:1      | 614 ||| UPGRADING to +0 helmet of intelligence.
   619 | D:1      | 619 ||| READING 6 scrolls of identify.
   619 | D:1      | 619 ||| IDENTIFYING yellow potion
   620 | D:1      | 620 ||| READING 5 scrolls of identify.
   620 | D:1      | 620 ||| IDENTIFYING viscous pink potion
   621 | D:1      | 621 ||| READING 4 scrolls of identify.
   621 | D:1      | 621 ||| IDENTIFYING inky potion
   647 | D:2      | 647 ||| STAIRDANCE
   665 | D:2      | Found the +6 lightning scales {swift, rElec}
   812 | D:2      | 812 ||| Stepping ~*~*~tactically~*~*~ (stealth).
   957 | D:2      | Reached XP level 4. HP: 28/28 MP: 4/4
  1233 | D:2      | Reached skill level 4 in Axes
  1298 | D:2      | 1298 ||| Stepping ~*~*~tactically~*~*~ (hiding).
  1457 | D:2      | 1457 ||| UPGRADING to ring of willpower.
  1458 | D:2      | 1458 ||| READING scroll labelled KIBLEKKAOV.
  1459 | D:2      | 1459 ||| READING scroll labelled YKHEID FUIFOCE.
  1460 | D:2      | 1460 ||| READING scroll labelled LEOCIUC QIOG.
  1461 | D:2      | 1461 ||| READING scroll labelled TAZXAW NEAST.
  1462 | D:2      | 1462 ||| READING 6 scrolls of identify.
  1462 | D:2      | 1462 ||| IDENTIFYING fizzy yellow potion
  1463 | D:2      | 1463 ||| DROPPING potion of flight.
  1662 | D:3      | 1662 ||| Stepping ~*~*~tactically~*~*~ (stealth).
  1788 | D:3      | Found a faded altar of an unknown god.
  1853 | D:3      | 1853 ||| Stepping ~*~*~tactically~*~*~ (stealth).
  1909 | D:3      | 1909 ||| Stepping ~*~*~tactically~*~*~ (stealth).
  1910 | D:3      | 1910 ||| Stepping ~*~*~tactically~*~*~ (stealth).
  1928 | D:3      | HP: 4/28 [orc priest/divine providence (8)]
  1928 | D:3      | HP: 1/28 [orc priest/+0 dagger (3)]
  1928 | D:3      | Slain by an orc priest

Levels and vault maps discovered:
D:1:      dpeg_arrival_triangle_fractal, layout_rooms, minmay_tetromino_i4
D:2:      layout_loops_ring, chequers_serial_rivers_marsh
D:3:      layout_basic, ebering_ecumenical_altar_ruins

Skill      XL: |  1  2  3  4 |
---------------+-------------+-----
Axes           | 2 3 4 |  4.3
Fighting       | |  3.2
Armour         | |  3.2
Shields        | |  3.2

Action                   |  1- 3 |  4- 6 || total
-------------------------+-------+-------++-------
Melee: War axe           |   104 |    79 ||   183
  Use: Scroll            |     6 |     5 ||    11
Armor: Scale mail        |    27 |       ||    27
       Chain mail        |    19 |    35 ||    54
Dodge: Dodged            |    41 |    28 ||    69
Block: Buckler           |    20 |    17 ||    37

Table legend:
 A = Non-vault XP
 B = Vault XP
 C = Vault XP percentage of total XP
 D = Non-vault monster count
 E = Vault monster count
 F = Vault count percentage of total count
                 A         B        C        D         E       F
            +---------+---------+-------+---------+---------+-------
      Total |     141 |       8 |   5.4 |      62 |       4 |   6.1
            +---------+---------+-------+---------+---------+-------
        D:1 |      48 |       8 |  14.3 |      22 |       4 |  15.4
        D:2 |      48 |       0 |   0.0 |      23 |       0 |   0.0
        D:3 |      45 |       0 |   0.0 |      17 |       0 |   0.0
            +---------+---------+-------+---------+---------+-------
